 Dungeon Crawl Stone Soup version 0.20-a0-923-g548304e (webtiles) character file.

78648 dvd the Geomancer (level 15, -18/107 HPs)
             Began as a Green Draconian Earth Elementalist on Mar 25, 2017.
             Was the Champion of Hepliaklqana.
             Demolished by a wolf spider (19 damage)
             ... on level 4 of the Lair of Beasts on Mar 26, 2017.
             The game lasted 02:20:43 (29808 turns).

dvd the Geomancer (DrEE)                           Turns: 29808, Time: 02:20:44

Health: -18/107    AC: 21    Str: 12    XL:     15   Next: 18%
Magic:  18/42      EV: 15    Int: 24    God:    Hepliaklqana [******]
Gold:   1358       SH:  0    Dex: 13    Spells: 13/40 levels left

rFire    . . .     SeeInvis .   b - +5 battleaxe (venom)
rCold    . . .     Gourm    .   (shield currently unavailable)
rNeg     . . .     Faith    .   (armour unavailable)
rPois    +         Spirit   .   B - +3 hat of Pondering {ponderous, MR+ MP+10 Int+5}
rElec    .         Reflect  .   w - +0 cloak
rCorr    .         Harm     .   n - +1 pair of gloves
MR       +++..                  S - +0 pair of boots
Stlth    ++++......             G - amulet of regeneration
Regen    0.7/turn               x - ring of protection from magic
MPRegen  0.3/turn               K - +5 ring of protection

@: slow
A: breathe noxious fumes, unfitting armour, reduced essence, stinger 2, poison
resistance, wild magic 1, cold-blooded, AC +9
a: Breathe Noxious Fumes, Recall Ancestor, Ancestor Identity, Transference,
Idealise, Renounce Religion


You were on level 4 of the Lair of Beasts.
You worshipped Hepliaklqana.
Hepliaklqana was exalted by your worship.
You were not hungry.

You visited 5 branches of the dungeon, and saw 23 of its levels.

You collected 1751 gold pieces.
You spent 393 gold pieces at shops.

Inventory:

Hand Weapons
 a - the +4 spear "Leviticus" {pierce, rElec MR+}
   (You found it on level 4 of the Dungeon)

   It inflicts extra damage upon your enemies.
   It insulates you from electricity.
   It affects your resistance to hostile enchantments.
 b - a +5 battleaxe of venom (weapon)
 c - a +3 quarterstaff of chaos
 C - a +2 mace of holy wrath
 M - the +7 hand axe of Doors {chop, *Corrode Str+8}
   (You bought it in a shop on level 2 of the Orcish Mines)

   It inflicts extra damage upon your enemies.
   It affects your strength (+8).
   It may corrode you when you take damage.
 T - a +0 broad axe of electrocution
Missiles
 q - 413 stones (quivered)
Armour
 n - a +1 pair of gloves (worn)
 w - a +0 cloak (worn)
 B - the +3 hat of Pondering (worn) {ponderous, MR+ MP+10 Int+5}
   (You took it off Gastronok on level 1 of the Lair of Beasts)

   It affects your intelligence (+5).
   It affects your resistance to hostile enchantments.
   It affects your magic capacity (+10).
 S - a +0 pair of boots (worn)
Jewellery
 x - a ring of protection from magic (left hand)
 G - an amulet of regeneration (around neck)
 K - a +5 ring of protection (right hand)
 W - an uncursed amulet of magic regeneration
 X - an uncursed ring of magical power
Wands
 e - a wand of digging (15/24)
 r - a wand of iceblast (7/15)
 H - a wand of paralysis (12/24)
 N - a wand of iceblast (7/15)
 P - a wand of flame (25/48)
 U - a wand of flame (17/48)
Scrolls
 f - 2 scrolls of amnesia
 g - a scroll of holy word
 j - 7 scrolls of remove curse
 k - 2 scrolls of magic mapping
 s - 7 scrolls of teleportation
 y - 5 scrolls of fear
 z - 5 scrolls of fog
 E - 13 scrolls of identify
 L - a scroll of silence
 O - a scroll of blinking
 Y - a scroll of recharging
Potions
 h - 2 potions of brilliance
 m - a potion of haste
 p - 2 potions of mutation
 t - 2 potions of flight
 u - a potion of heal wounds
 v - 6 potions of curing
 V - a potion of ambrosia
 Z - a potion of magic
Books
 d - a book of Maledictions

   Spells                             Type                      Level
   a - Corona                         Hexes                        1
   b - Ensorcelled Hibernation        Hexes/Ice                    2
   c - Confuse                        Hexes                        3
   d - Tukima's Dance                 Hexes                        3
   e - Dazzling Spray                 Conjuration/Hexes            3
 o - the Disquisition on Boosting Ignition
   (You found it on level 4 of the Lair of Beasts)

   Spells                             Type                      Level
   a - Infusion                       Charms                       1
   b - Shroud of Golubria             Charms/Translocation         2
   c - Song of Slaying                Charms                       2
   d - Conjure Flame                  Conjuration/Fire             3
   e - Bolt of Magma                  Conjuration/Fire/Earth       5
   f - Ring of Flames                 Charms/Fire                  7
 A - a book of Geomancy

   Spells                             Type                      Level
   a - Sandblast                      Earth                        1
   b - Passwall                       Transmutation/Earth          2
   c - Stone Arrow                    Conjuration/Earth            3
   d - Petrify                        Transmutation/Earth          4
   e - Lee's Rapid Deconstruction     Earth                        5
 F - a book of Changes

   Spells                             Type                      Level
   a - Beastly Appendage              Transmutation                1
   b - Sticks to Snakes               Transmutation                2
   c - Spider Form                    Transmutation/Poison         3
   d - Ice Form                       Ice/Transmutation            4
   e - Blade Hands                    Transmutation                5
 I - a book of the Tempests

   Spells                             Type                      Level
   a - Static Discharge               Conjuration/Air              3
   b - Lightning Bolt                 Conjuration/Air              5
   c - Ignition                       Fire                         8
   d - Tornado                        Air                          9
   e - Shatter                        Earth                        9
 J - a book of Conjurations

   Spells                             Type                      Level
   a - Magic Dart                     Conjuration                  1
   b - Searing Ray                    Conjuration                  2
   c - Dazzling Spray                 Conjuration/Hexes            3
   d - Fulminant Prism                Conjuration/Hexes            4
   e - Force Lance                    Conjuration/Translocation    4
   f - Iskenderun's Mystic Blast      Conjuration                  4
 R - a book of Minor Magic

   Spells                             Type                      Level
   a - Magic Dart                     Conjuration                  1
   b - Blink                          Translocation                2
   c - Call Imp                       Summoning                    2
   d - Slow                           Hexes                        2
   e - Conjure Flame                  Conjuration/Fire             3
   f - Mephitic Cloud                 Conjuration/Poison/Air       3
Comestibles
 i - 3 royal jellies
 l - 65 fruits
 D - 6 bread rations
 Q - 8 meat rations


   Skills:
 + Level 7.6 Fighting
 + Level 7.2(9.2) Axes
 + Level 8.9(10.0) Polearms
 + Level 6.4 Dodging
 + Level 7.9 Stealth
 + Level 0.6 Unarmed Combat
 + Level 13.2 Spellcasting
 + Level 7.9 Conjurations
 + Level 2.0 Hexes
 + Level 0.6 Charms
 + Level 3.3 Translocations
 + Level 2.7 Transmutations
 * Level 13.4 Earth Magic
 + Level 0.2 Evocations


You had 13 spell levels left.
You knew the following spells:

 Your Spells              Type           Power        Failure   Level  Hunger
a - Sandblast             Erth           ######       1%          1    None
b - Stone Arrow           Conj/Erth      ######       1%          3    None
c - Lee's Rapid Deconstr  Erth           #######...   1%          5    ###....
d - Petrify               Tmut/Erth      ######..     2%          4    None
e - Blink                 Tloc           N/A          2%          2    None
f - Force Lance           Conj/Tloc      ######..     8%          4    None
g - Dazzling Spray        Conj/Hex       ######       2%          3    None
h - Shroud of Golubria    Chrm/Tloc      ####......   4%          2    None
i - Confuse               Hex            ####....     10%         3    None


Dungeon Overview and Level Annotations

Branches:
Dungeon (13/15)            Temple (1/1) D:7            Lair (6/6) D:10
 Shoals (0/4) Lair:3       Spider (1/4) Lair:4        Slime (0/5) Lair:6
    Orc (2/2) D:11            Elf (0/3) Orc:2
 Vaults: D:13-14

Altars:
Ashenzari
Cheibriados
Dithmenos
Elyvilon
Gozag
Hepliaklqana
Kikubaaqudgha
Makhleb
Nemelex Xobeh
Okawaru
Qazlal
Ru
Sif Muna
Trog
Uskayaw
Vehumet
Wu Jian
Xom
Yredelemnul
Zin
The Shining One
Beogh
Jiyva

Shops:
D:4 !   D:11 (   D:12 :   Orc:2 ![(*

Annotations:
Lair:1 dvd's ghost, novice HOGl


Innate Abilities, Weirdness & Mutations

You can breathe blasts of noxious fumes.
Your lurid green scales are hard. (AC +9)
You cannot fit into any form of body armour.
Your tail ends in a sharp poisonous barb.
Your system is resistant to poisons. (rPois)
You are cold-blooded and may be slowed by cold attacks.
Your life essence is reduced. (-10% HP)
Your spells are a little harder to cast, but a little more powerful.


Message History

The wolf spider hits you.
* * * LOW HITPOINT WARNING * * *
The wolf spider bites you but does no damage.
Unknown command.
Casting: Confuse
Confirm with . or Enter, or press ? or * to list all spells.
Aiming: Dazzling Spray
Press: ? - help, Shift-Dir - straight line, f/p - wolf spider
Aim: a wolf spider (severely wounded)
The spray of energy hits the wolf spider.
The wolf spider is severely wounded.
The spray of energy hits the wolf spider.
The wolf spider is almost dead.
The wolf spider is dazzled.
The wolf spider hits you.
* * * LOW HITPOINT WARNING * * *
The wolf spider bites you!
* * * LOW HITPOINT WARNING * * *
The wolf spider barely misses you. The wolf spider closely misses you.
The wolf spider hits you!!
You die...

.........^.^^.......#######
....#.^^.^^..^.........#..#######
...#.....^.^...........#.##......
.....^^.^^..^^...............##..
.....^^^.^^^^^.^...........#####.
.........^>^.^.^.....#....## #.
.....^.^..^..^^...#.......### ##.
..##...^.^..^..ss...>.......###..
...##.^.^^^.^...@...........P#.#.
......^..^^.^....................
...........^)....#P##............
....#....P......#######.....##.#.
...[............####........P##..
..................P..........#.>.
.........#.......................
...#.....#.......................
...##..............<.............


You could see 2 wolf spiders.

Vanquished Creatures
  Saint Roka (Orc:2)
  Rupert (Lair:4)
  Gastronok (Lair:1)
  Kirke (D:12)
  An orc warlord (Orc:1)
  The ghost of Zenonira the Cruncher, a journeyman FoFi of Cheibriados (Lair:6)
  Fannar (D:12)
  Erolcha (D:12)
  3 hydras
  The ghost of feelmyfire the Covert, a journeyman VSEn of Kikubaaqudgha (Lair:3)
  The ghost of Zenonira the Cruncher, a journeyman FoFi of Cheibriados (D:9)
  3 two-headed ogres
  An orc high priest (Orc:1)
  Sonja (D:12)
  Nergalle (Lair:4)
  An unseen horror (D:12)
  Pikel (D:6)
  2 ugly things
  A manticore (D:13)
  3 cyclopes
  An orc sorcerer (Orc:2)
  10 elephants
  2 torpor snails
  A gargoyle (D:10)
  A kobold demonologist (D:12)
  7 spiny frogs
  A rime drake (Lair:4)
  6 komodo dragons
  6 trolls
  A jumping spider (Lair:4)
  6 polar bears (Lair:6)
  2 hornets (Lair:6)
  Grinder (D:3)
  A snapping turtle (Lair:3)
  17 blink frogs
  8 dream sheep
  A hippogriff (Lair:2)
  Sigmund (D:5)
  8 spriggans (Lair:6)
  2 wyverns
  3 basilisks
  2 wraiths
  39 yaks
  2 hogs (D:12)
  6 wargs
  An acid dragon (D:10)
  Edmund (D:6)
  7 water moccasins
  Duvessa (D:6)
  8 porcupines
  5 ice beasts
  22 orc warriors
  3 sky beasts
  A slave (D:6)
  2 black bears
  A necrophage (D:12)
  6 centaurs
  11 ogres
  3 phantoms
  19 wolves
  4 boggarts (Lair:6)
  9 crocodiles
  9 bullfrogs
  A gnoll sergeant (D:8)
  A wyvern skeleton (D:12)
  4 scorpions
  Dowan (D:6)
  A knight (Lair:6)
  8 killer bees
  3 wights (D:9)
  An electric eel (D:8)
  A howler monkey (D:6)
  3 crimson imps
  4 hounds
  4 jellies
  A centaur skeleton (D:5)
  24 orc priests
  4 bullfrog skeletons
  Crazy Yiuf (D:3)
  5 iguanas
  33 orc wizards
  12 worker ants
  A hound skeleton (D:9)
  A hound zombie (D:9)
  A howler monkey zombie (D:10)
  Robin (D:3)
  A worker ant zombie (D:10)
  7 gnolls
  11 adders
  2 shadow imps
  2 worms
  4 dart slugs
  7 leopard geckos
  94 orcs
  2 ball pythons (D:3)
  7 bats
  A bat zombie (D:7)
  8 giant cockroaches
  13 hobgoblins
  16 jackals
  16 kobolds
  3 quokkas
  6 frilled lizards
  17 goblins
  A jackal skeleton (D:5)
  A jackal zombie (D:9)
  10 rats
  2 rat zombies (D:7)
  4 fungi
  3 plants (Lair:5)
629 creatures vanquished.

Vanquished Creatures (collateral kills)
  A centaur warrior (D:13)
  A hydra (Lair:5)
  A two-headed ogre (D:9)
  A death yak (Lair:4)
  The ghost of Malvoorn the Cruncher, a novice FoAK of Lugonu (D:10)
  An unseen horror (D:13)
  A manticore (D:13)
  2 elephants
  2 black mambas
  6 spiny frogs
  A centaur skeleton (D:13)
  A komodo dragon (Lair:4)
  3 trolls
  A polar bear (Lair:6)
  4 dream sheep
  A hornet (Lair:6)
  3 blink frogs
  A hippogriff (Lair:3)
  A redback (Spider:1)
  2 spriggans (Lair:6)
  15 yaks
  A basilisk (Lair:3)
  3 wargs
  4 water moccasins
  5 porcupines
  7 orc warriors
  3 black bears
  A sky beast (D:10)
  An eye of draining (D:12)
  A boggart (Lair:6)
  6 wolves
  4 crocodiles
  3 bullfrogs
  2 big kobolds
  A wyvern zombie (D:9)
  A scorpion (D:13)
  3 killer bees
  2 wights (D:9)
  2 bullfrog zombies
  A hound (D:9)
  6 orc priests
  7 orc wizards
  2 gnolls (D:8)
  A shadow imp (D:8)
  A leopard gecko (D:9)
  16 orcs
  A butterfly (Lair:1)
  A fungus (Lair:4)
136 creatures vanquished.

Vanquished Creatures (others)
  2 humans (D:12)
  6 knights
  An orc wizard (D:8)
  An ancestor (D:8)
  A bush (Lair:3)
  7 fungi
  8 plants
26 creatures vanquished.

Grand Total: 791 creatures vanquished

Notes
Turn   | Place    | Note
-------+----------+-------------------------------------------
     0 | D:1      | dvd the Draconian Earth Elementalist began the quest for the Orb.
     0 | D:1      | Reached XP level 1. HP: 14/14 MP: 3/3
   255 | D:1      | Reached XP level 2. HP: 17/20 MP: 0/5
  1051 | D:1      | Reached XP level 3. HP: 26/26 MP: 4/6
  1260 | D:1      | Learned a level 3 spell: Stone Arrow
  1851 | D:2      | Found a radiant altar of Vehumet.
  2183 | D:2      | Reached XP level 4. HP: 6/33 MP: 2/8
  2202 | D:2      | HP: 1/33 [poisoned by an adder]
  2717 | D:3      | Noticed Robin
  3099 | D:3      | Found an opulent altar of Gozag.
  3175 | D:3      | Killed Robin
  3429 | D:3      | Reached XP level 5. HP: 39/39 MP: 1/10
  3495 | D:3      | Found a runed door.
  3525 | D:3      | Noticed Crazy Yiuf
  3527 | D:3      | Killed Crazy Yiuf
  3619 | D:3      | Noticed Grinder
  3627 | D:3      | Paralysed by Grinder for 3 turns
  3641 | D:3      | Killed Grinder
  3641 | D:3      | Reached skill level 1 in Fighting
  3641 | D:3      | Reached skill level 1 in Conjurations
  3641 | D:3      | Reached XP level 6. HP: 10/47 MP: 1/11
  4150 | D:4      | Got a transparent spear
  4151 | D:4      | Identified the +4 spear "Leviticus" {pierce, rElec MR+} (You found it on level 4 of the Dungeon)
  4212 | D:4      | Found Kodojuu's Distillery.
  4736 | D:4      | Your scales start taking on a lurid green colour.
  4736 | D:4      | Reached XP level 7. HP: 49/53 MP: 7/13
  4736 | D:4      | Gained mutation: Your system is resistant to poisons. (rPois) [Green Draconian growth]
  4997 | D:5      | Entered Level 5 of the Dungeon
  5009 | D:5      | Noticed Sigmund
  5023 | D:5      | Killed Sigmund
  5023 | D:5      | Reached skill level 5 in Earth Magic
  5193 | D:5      | Reached skill level 1 in Polearms
  6069 | D:6      | Found a shadowy altar of Dithmenos.
  6083 | D:6      | Reached XP level 8. HP: 62/62 MP: 2/15
  6167 | D:6      | Noticed Edmund
  6186 | D:6      | Reached skill level 5 in Spellcasting
  6198 | D:6      | Killed Edmund
  6302 | D:6      | Noticed Dowan
  6303 | D:6      | Noticed Duvessa
  6313 | D:6      | Killed Dowan
  6340 | D:6      | Killed Duvessa
  6424 | D:6      | Found a shattered altar of Ashenzari.
  6667 | D:6      | You fall through a shaft!
  6885 | D:6      | Found a snail-covered altar of Cheibriados.
  6914 | D:6      | Learned a level 5 spell: Lee's Rapid Deconstruction
  7194 | D:6      | Noticed Pikel
  7222 | D:6      | Killed Pikel
  7222 | D:6      | Reached XP level 9. HP: 66/70 MP: 7/18
  7537 | D:7      | Found a staircase to the Ecumenical Temple.
  7645 | Temple   | Entered the Ecumenical Temple
  7947 | Temple   | Became a worshipper of Hepliaklqana the Forgotten
  8022 | D:7      | Found a white marble altar of Elyvilon.
  8103 | D:7      | Found a stormy altar of Qazlal.
  8205 | D:7      | Found an ancient bone altar of Kikubaaqudgha.
  8456 | D:8      | Reached skill level 5 in Polearms
  9014 | D:8      | Learned a level 4 spell: Petrify
  9035 | D:8      | Reached * piety under Hepliaklqana
  9613 | D:9      | Learned a level 2 spell: Blink
  9627 | D:9      | Reached XP level 10. HP: 72/72 MP: 10/20
  9652 | D:9      | Noticed a two-headed ogre
  9666 | D:9      | Killed a two-headed ogre
  9805 | D:9      | Noticed a cyclops
  9820 | D:9      | Killed a cyclops
  9901 | D:9      | Noticed a purple ugly thing
  9914 | D:9      | Killed a purple ugly thing
  9981 | D:9      | Gained mutation: Your spells are a little harder to cast, but a little more powerful. [potion of mutation]
  9981 | D:9      | Gained mutation: Your tail ends in a poisonous barb. [potion of mutation]
 10413 | D:10     | Entered Level 10 of the Dungeon
 10470 | D:10     | Reached ** piety under Hepliaklqana
 10479 | D:10     | Remembered your ancestor Cihuaton as a knight
 10495 | D:10     | Reached skill level 5 in Stealth
 10509 | D:10     | Noticed Malvoorn's ghost (novice FoAK)
 10693 | D:10     | HP: 2/72 [Malvoorn's ghost (2)]
 10744 | D:9      | Noticed Zenonira's ghost (journeyman FoFi)
 11019 | D:8      | Learned a level 4 spell: Force Lance
 11471 | D:9      | Killed Zenonira's ghost
 11471 | D:9      | Reached skill level 5 in Fighting
 11471 | D:9      | Reached skill level 1 in Translocations
 12038 | D:10     | Reached XP level 11. HP: 77/77 MP: 6/23
 12704 | D:10     | Found a staircase to the Lair.
 12758 | Lair:1   | Entered Level 1 of the Lair of Beasts
 13351 | Lair:1   | Reached *** piety under Hepliaklqana
 13461 | Lair:1   | Noticed dvd's ghost (novice HOGl)
 13580 | D:10     | Killed Malvoorn's ghost
 13934 | D:11     | Found a staircase to the Orcish Mines.
 14167 | D:11     | Found a large runed door.
 14167 | D:11     | Found a large runed door.
 14168 | D:11     | Found Nimei's Weapon Emporium.
 14699 | D:11     | Noticed an orc knight
 14700 | D:11     | Noticed a centaur warrior
 14703 | D:11     | Noticed an orc knight
 14705 | D:11     | Found an iron altar of Okawaru.
 14929 | D:12     | Noticed Erolcha
 14936 | D:12     | Killed Erolcha
 14936 | D:12     | Reached skill level 5 in Conjurations
 15192 | D:12     | Killed an unseen horror
 15237 | D:12     | Reached **** piety under Hepliaklqana
 15387 | D:12     | Noticed Kirke
 15395 | D:12     | Reached skill level 10 in Earth Magic
 15410 | D:12     | Killed Kirke
 15582 | D:12     | Reached XP level 12. HP: 84/84 MP: 19/25
 15790 | D:12     | Noticed Sonja
 15791 | D:12     | Killed Sonja
 15791 | D:12     | Reached skill level 10 in Spellcasting
 15893 | D:12     | Found a sparkling altar of Nemelex Xobeh.
 16169 | D:12     | Found Jompui's Book Shoppe.
 16404 | D:12     | Noticed Fannar
 16430 | D:12     | Killed Fannar
 17443 | Lair:2   | Noticed Gastronok
 17620 | Lair:1   | Reached skill level 5 in Dodging
 18235 | Lair:2   | Noticed a four-headed hydra
 18251 | Lair:2   | Killed a four-headed hydra
 18537 | Lair:2   | Learned a level 3 spell: Dazzling Spray
 19247 | Lair:3   | Noticed a five-headed hydra
 19270 | Lair:3   | Killed a five-headed hydra
 19438 | Lair:3   | Reached XP level 13. HP: 67/91 MP: 24/28
 19558 | Lair:3   | Noticed feelmyfire's ghost (journeyman VSEn)
 19608 | Lair:3   | Killed feelmyfire's ghost
 20002 | Lair:3   | Reached ***** piety under Hepliaklqana
 20427 | Lair:3   | Found a staircase to the Shoals.
 20989 | Lair:1   | Killed Gastronok
 21355 | Lair:4   | Found a hole to the Spider Nest.
 22068 | Lair:4   | Noticed Nergalle
 22092 | Lair:4   | Killed Nergalle
 22092 | Lair:4   | Reached skill level 1 in Hexes
 22238 | Lair:4   | Identified the Disquisition on Boosting Ignition
 22242 | Lair:4   | Learned a level 2 spell: Shroud of Golubria
 22264 | Lair:4   | Noticed Rupert
 22426 | Orc:1    | Entered Level 1 of the Orcish Mines
 22809 | Orc:1    | Noticed an orc warlord
 22826 | Orc:1    | HP: 3/91 [orc warlord/bolt (31)]
 23337 | D:13     | Gained mutation: Your tail ends in a sharp poisonous barb. [Green Draconian growth]
 23337 | D:13     | Reached XP level 14. HP: 94/99 MP: 19/30
 24379 | Lair:4   | Killed Rupert
 25216 | Lair:5   | Reached skill level 5 in Axes
 25363 | Lair:6   | Entered Level 6 of the Lair of Beasts
 25576 | Lair:6   | Noticed Zenonira's ghost (journeyman FoFi)
 25599 | Lair:6   | Killed Zenonira's ghost
 25758 | Lair:6   | Found a viscous altar of Jiyva.
 25758 | Lair:6   | Found a staircase to the Slime Pits.
 26478 | Lair:6   | Learned a level 3 spell: Confuse
 26713 | Lair:6   | Reached ****** piety under Hepliaklqana
 27313 | Orc:1    | Killed an orc warlord
 27907 | Orc:2    | Entered Level 2 of the Orcish Mines
 27967 | Orc:2    | Found a staircase to the Elven Halls.
 28101 | Orc:2    | Found a roughly hewn altar of Beogh.
 28431 | Orc:2    | Found a roughly hewn altar of Beogh.
 28434 | Orc:2    | Found Dealucep's General Store.
 28570 | Orc:2    | Found a roughly hewn altar of Beogh.
 28637 | Orc:2    | Found a roughly hewn altar of Beogh.
 28679 | Orc:2    | Reached XP level 15. HP: 106/106 MP: 32/32
 28685 | Orc:2    | Found a roughly hewn altar of Beogh.
 28689 | Orc:2    | Found Mafoid's Distillery.
 28861 | Orc:2    | Found a roughly hewn altar of Beogh.
 28900 | Orc:2    | Found a roughly hewn altar of Beogh.
 28991 | Orc:2    | Noticed Saint Roka
 29224 | Orc:2    | Killed Saint Roka
 29226 | Orc:2    | Found Ziolugh's Antique Armour Boutique.
 29226 | Orc:2    | Found a roughly hewn altar of Beogh.
 29289 | Orc:2    | Found Wimovai's Antique Weapon Shop.
 29363 | Orc:2    | Found a roughly hewn altar of Beogh.
 29397 | Orc:2    | Upgraded the game from 0.20-a0-920-gb18bc0f to 0.20-a0-923-g548304e
 29453 | Orc:2    | Bought a potion of heal wounds for 55 gold pieces
 29516 | Orc:2    | Bought a crystal hand axe for 272 gold pieces
 29522 | Orc:2    | Identified the +7 hand axe of Doors {chop, *Corrode Str+8} (You bought it in a shop on level 2 of the Orcish Mines)
 29578 | Orc:2    | Bought 2 potions of curing for 66 gold pieces
 29753 | Spider:1 | Entered Level 1 of the Spider Nest
 29808 | Lair:4   | HP: 1/107 [wolf spider (12)]
 29808 | Lair:4   | Demolished by a wolf spider

Vault maps used:
D:1:      roderic_chinese_lattice_arrival, minmay_hexomino_f4
D:2:      tgw_fedhas, lemuel_crystal_altar
D:3:      lemuel_doored_altar, minivault_4, uniq_crazy_yiuf_cottage, uniq_robin,
          uniq_grinder
D:4:      first_bread, serial_shops, kennysheep_mini
D:5:      uniq_sigmund
D:6:      kennysheep_little_box, evilmike_ruin_ashenzari,
          grunt_dithmenos_smoke_and_mirrors, uniq_pikel, uniq_duvessa,
          uniq_edmund
D:7:      cheibrodos_iron_armory, lemuel_round_altar,
          nicolae_qazlal_eye_of_the_storm, lemuel_zombie_altar_kikubaaqudgha,
          minmay_temple_entry_trees
D:10:     grunt_lair_entry_orc_guard_hut, serial_column_ruins,
          column_ruins_hut_water, column_ruins_hut, column_ruins_open_large,
          column_ruins_open_tiny, column_ruins_columns_dead_end,
          column_ruins_grid_2, column_ruins_open_large
D:11:     okawaru_arena_lexackson, orc_0_dummy, serial_shops, shop
D:12:     serial_shops, shop, blue_anna_alchemist, minmay_crystal_water,
          nemelex_diamond_rough_becter, uniq_erolcha, uniq_sonja, uniq_fannar,
          uniq_kirke
D:13:     roderic_aztec_sauvastika, st_stairs_7, roderic_roman_lattice
Temple:   oiseaux_autumnal_temple
Lair:1:   minivault_25, minivault_23, patterned_corridor, lemuel_fruit_tree,
          lemuel_fruit_fields
Lair:2:   uniq_gastronok
Lair:3:   minmay_shoals_entry_hut, grunt_megastairs_5
Lair:4:   spider_nest_entry_web_field, kennysheep_catoblepas_arena,
          uniq_nergalle, uniq_rupert
Lair:6:   minmay_lair_end_enchanted_forest, slime_altar_1, grunt_megastairs_4
Spider:1: hangedman_spider_trapstep
Orc:2:    grunt_orc_community_town_hall, grunt_orc_community_big_house_2,
          grunt_orc_community_big_house_1, grunt_orc_community_house_1,
          grunt_orc_community_house_1, grunt_orc_community_house_2,
          grunt_orc_community_house_1, grunt_orc_community_house_3,
          grunt_orc_community_house_1, basic_altar

Skill      XL: |  1  2  3  4  5  6  7  8  9 10 11 12 13 14 15 |
---------------+----------------------------------------------+-----
Dodging        | 2 3 4 5 6 |  6.4
Stealth        | 2 3 4 5 6 7 |  7.9
Spellcasting   | 3 4 6 8 9 11 12 13 | 13.2
Earth Magic    | 4 5 6 7 8 10 11 12 13 | 13.4
Fighting       | 1 2 3 4 5 6 7 |  7.6
Axes           | 2 3 6 7 |  7.2
Conjurations   | 1 2 3 4 5 6 7 |  7.9
Polearms       | 1 4 5 6 7 8 |  8.9
Translocations | 1 2 3 |  3.3
Transmutations | 2 |  2.7
Hexes          | 1 2 |  2.0
Unarmed Combat | |  0.6
Charms         | |  0.6
Evocations     | |  0.2

Action                   |  1- 3 |  4- 6 |  7- 9 | 10-12 | 13-15 || total
-------------------------+-------+-------+-------+-------+-------++-------
Melee: Unarmed           |   106 |       |       |       |       ||   106
       Club              |    17 |       |       |       |       ||    17
       Tailslap          |    13 |    12 |    24 |    36 |    66 ||   151
       Punch             |     1 |       |     1 |       |     1 ||     3
       Short sword       |       |    23 |       |       |       ||    23
       War axe           |       |    37 |     5 |       |       ||    42
       Spear             |       |    18 |   272 |   367 |   198 ||   855
       Battleaxe         |       |       |       |       |   287 ||   287
Throw: Stone             |       |       |     1 |       |       ||     1
 Cast: Sandblast         |    39 |    23 |    32 |    68 |    21 ||   183
       Stone Arrow       |     9 |    37 |    48 |   132 |   181 ||   407
       Lee's Rapid Decon |       |       |     9 |    45 |    78 ||   132
       Force Lance       |       |       |       |     6 |    22 ||    28
       Petrify           |       |       |       |    20 |    10 ||    30
       Dazzling Spray    |       |       |       |     2 |    54 ||    56
       Shroud of Golubri |       |       |       |       |    18 ||    18
       Blink             |       |       |       |       |     2 ||     2
       Confuse           |       |       |       |       |     1 ||     1
Invok: Ancestor Identity |       |       |     1 |       |       ||     1
       Recall Ancestor   |       |       |       |     8 |     8 ||    16
       Ancestor Life: Kn |       |       |       |     1 |       ||     1
       Transference      |       |       |       |       |     1 ||     1
 Abil: Breathe Noxious F |       |       |    22 |    24 |    15 ||    61
Evoke: Wand              |       |     2 |       |       |     2 ||     4
  Use: Scroll            |       |     1 |     9 |    12 |     8 ||    30
       Potion            |       |       |       |    12 |     3 ||    15
 Stab: Sleeping          |       |       |     4 |     8 |    10 ||    22
       Confused          |       |       |     9 |     4 |     5 ||    18
       Distracted        |       |       |       |     3 |     3 ||     6
       Petrifying        |       |       |       |     1 |       ||     1
       Petrified         |       |       |       |    16 |     3 ||    19
       Invisible         |       |       |       |     3 |    14 ||    17
  Eat: Chunk             |     5 |    12 |    23 |    39 |    43 ||   122
       Fruit             |       |       |     1 |     4 |       ||     5
       Royal jelly       |       |       |     1 |     4 |     2 ||     7
Armor: Skin              |    46 |    31 |    73 |   137 |   286 ||   573
Dodge: Dodged            |    87 |    77 |   131 |   207 |   469 ||   971
